 Dungeon Crawl Stone Soup version 0.32-a0-42-ga30500b4d3 (webtiles) character file.

Game seed: 16985172328908576748

557 cforsyth the Ducker (level 7, -4/45 HPs)
             Began as a Djinni Hedge Wizard on Feb 1, 2024.
             Was an Initiate of Gozag.
             Slain by an orc priest
             ... wielding a +0 hand axe
              (7 damage)
             ... on level 5 of the Dungeon.
             The game lasted 00:06:40 (4256 turns).

cforsyth the Ducker (Djinni Hedge Wizard)           Turns: 4256, Time: 00:06:41

Health: -4/45      AC:  5    Str:  9    XL:     7   Next: 56%
Gold:   150        EV: 14    Int: 17    God:    Gozag SH:  0 Dex: 13

rFire   + + .        a - +0 dagger
rCold   x . .        (no shield)
rNeg    . . .        b - +0 robe
rPois   ∞            j - +2 helmet
rElec   .            (no cloak)
rCorr   .            (no gloves)
SInv    .            (boots unavailable)
Will    .....        (no amulet)
Stlth   +++          (no ring)
HPRegen 0.27/turn    (no ring)
MPRegen 0.00/turn

%: infuse magic (-5 HP)
@: flying, hasted, very quick
A: sickness immunity, fire resistance 2, cold vulnerability 1, float, innate
caster, HP casting, extra vitality 1
a: Renounce Religion, Potion Petition, Call Merchant, Bribe Branch


You were on level 5 of the Dungeon.
You worshipped Gozag.
Gozag was aware of your devotion.
You visited 2 branches of the dungeon, and saw 6 of its levels.

You collected 186 gold pieces.
You paid 36 gold pieces to Gozag.

Inventory:

Hand Weapons
 a - a +0 dagger (weapon)
Armour
 b - a +0 robe (worn)
 j - a +2 helmet (worn)
Jewellery
 p - an amulet of faith
Wands
 s - a wand of polymorph (10)
Scrolls
 c - a scroll of vulnerability {unknown}
 d - 5 scrolls of identify
 g - 2 scrolls of immolation
 h - a scroll of amnesia
 i - a scroll of brand weapon {unknown}
 k - a scroll of poison
 l - a scroll of blinking {unknown}
 m - a scroll of teleportation {unknown}
 n - a scroll of revelation
Potions
 f - a potion of enlightenment


   Skills:
 + Level 5.1 Dodging
 + Level 4.2 Stealth
 + Level 4.5 Spellcasting
 + Level 4.5 Conjurations
 + Level 4.5 Hexes
 + Level 4.5 Summonings
 + Level 4.5 Necromancy
 + Level 4.5 Translocations
 + Level 4.5 Fire Magic
 + Level 4.5 Ice Magic
 + Level 4.5 Air Magic
 + Level 4.5 Earth Magic
 + Level 4.5 Alchemy


You knew the following spells:

 Your Spells              Type           Power      Damage    Failure   Level
a - Magic Dart            Conj           76%        1d6       2%          1
b - Slow                  Hex            76%        N/A       2%          1
c - Blink                 Tloc           38%        N/A       3%          2
d - Call Imp              Summ           38%        N/A       3%          2
e - Mephitic Cloud        Conj/Alch/Air  19%        N/A       7%          3
f - Foxfire               Conj/Fire      76%        2x1d7     2%          1
g - Ensorcelled Hibernat  Hex/Ice        38%        N/A       3%          2
h - Swiftness             Air            19%        N/A       7%          3
Your spell library was empty.

Dungeon Overview and Level Annotations

Branches:
Dungeon (5/15)             Temple (1/1) D:4

Altars:
Cheibriados
Dithmenos
Elyvilon
Fedhas
Gozag
Hepliaklqana
Nemelex Xobeh
Okawaru
Ru
Trog
Uskayaw
Xom
Yredelemnul
Zin
The Shining One

Shops:
D:2 !

Annotations:
D:3 1 runed translucent door, Crazy Yiuf, Grinder


Innate Abilities, Weirdness & Mutations

You are immune to sickness and miasma.
You are immune to poison.
Your flesh is very heat resistant. (rF++)
You are vulnerable to cold. (rC-)
You float through the air rather than walking.
You learn spells naturally, not from books.
Your magical power is your life essence.
You have superior vitality. (+4 MHP)


Message History

* * * LOW HITPOINT WARNING * * *
Okay, then.
Okay, then.
You feel yourself speed up. Something hits you but does no damage.
The orc priest looks encouraged for a moment.
As you read the scroll labelled FELUNIKIXE, it crumbles to dust.
It is a scroll of identify.
g - 2 scrolls of immolation Something hits you but does no damage.
The orc priest invokes the aid of Beogh against you.
Pain shoots through your body!
* * * LOW HITPOINT WARNING * * *
The air fills with toxic fumes!
As you read the scroll labelled NAEMUE CIMPAI, it crumbles to dust.
It was a scroll of poison.
Your magical contamination has completely faded away.
As you read the scroll labelled EPPUCRITROCVO, it crumbles to dust.
It is a scroll of amnesia.
You feel forgetful for a moment.
You hear some strange, mumbled words.
A puff of flame appears from out of thin air!
The puff of flame misses you.
The orc priest hits you but does no damage.
Unknown command.
As you read the scroll labelled EDGHIU ZEPAA, it crumbles to dust.
You feel aware of your surroundings.
It was a scroll of revelation.
The orc priest hits you with a +0 hand axe.
* * * LOW HITPOINT WARNING * * *
The orc wizard casts a spell at you.
You easily resist.
As you read the scroll labelled NAM MILENOXT, it dissolves into smoke.
It was a scroll of fog.
As you read the scroll labelled FUNESI HUTOU, it crumbles to dust.
Your body is wracked with pain!
* * * LOW HITPOINT WARNING * * *
Something is bathed in an unholy light!
It was a scroll of torment.
Something hits you but does no damage.
The orc priest hits you with a +0 hand axe!
You die...
Your body crumbles into a pile of gold.

*,,,,,,,*,,
###############****,,,,,
############### **,,,**
############### *,,,,,*
#########§§§### *,,**,,
########§§§§§## *******
#######§§§§§§§#****,,,,,
#######§{§§§§§§,,<,,****
#######@o§§§§§#**,,,,,,,
########§§§§§§§,,,******
#######.§§§§§§#****
#######.§§§§§§#
#######.§§§§§§#
########§§§§§##
#########§§§###
###############


You could see an orc priest.

Vanquished Creatures
  An ice beast (D:5)
  2 hounds
  3 orc priests (D:4)
  2 iguanas (D:4)
  3 orc wizards (D:4)
  3 gnolls (D:4)
  5 adders
  2 ufetubi (D:4)
  3 dart slugs (D:1)
  3 ribbon worms
  14 orcs (D:4)
  6 endoplasms
  6 giant cockroaches
  5 goblins
  6 hobgoblins
  6 jackals (D:4)
  3 kobolds
  A quokka (D:1)
  12 ball pythons
  5 bats
  4 frilled lizards (D:1)
  4 rats
99 creatures vanquished.

Vanquished Creatures (others)
  473 foxfires
473 creatures vanquished.

Grand Total: 572 creatures vanquished

Notes
Turn   | Place    | Note
-------+----------+-------------------------------------------
     0 | D:1      | cforsyth the Djinni Hedge Wizard began the quest for the
                  | Orb.
     0 | D:1      | cforsyth set off with the following spells memorised: Magic
                  | Dart, Slow, Blink, Call Imp, Mephitic Cloud.
     0 | D:1      | Reached XP level 1. HP: 15/15 MP: 0/0
    85 | D:1      | Reached XP level 2. HP: 2/21 MP: 0/0
   348 | D:1      | Reached XP level 3. HP: 22/25 MP: 0/0
   348 | D:1      | Learned a level 1 spell: Foxfire
  1033 | D:2      | Found a faded altar of an unknown god.
  1138 | D:2      | Found Zetsiap's Distillery.
  1195 | D:2      | Reached skill level 3 in Dodging
  1337 | D:2      | Reached XP level 4. HP: 28/31 MP: 0/0
  2320 | D:3      | Found a runed translucent door.
  2321 | D:3      | Noticed Crazy Yiuf
  2392 | D:3      | Found a sacrificial altar of Ru.
  2503 | D:3      | Noticed Grinder
  2673 | D:4      | Reached XP level 5. HP: 27/35 MP: 0/0
  2673 | D:4      | Learned a level 2 spell: Ensorcelled Hibernation
  2867 | D:4      | Reached skill level 4 in Dodging
  2867 | D:4      | Reached XP level 6. HP: 38/40 MP: 0/0
  3295 | D:4      | Reached XP level 7. HP: 35/45 MP: 0/0
  3295 | D:4      | Learned a level 3 spell: Swiftness
  3634 | D:4      | Found a staircase to the Ecumenical Temple.
  3641 | Temple   | Entered the Ecumenical Temple
  3654 | Temple   | Became a worshipper of Gozag Ym Sagoz the Greedy
  3895 | D:5      | Entered Level 5 of the Dungeon
  3967 | D:5      | Reached skill level 5 in Dodging
  3980 | D:5      | Identified the +0 leather armour of Pucuupt {Harm *Corrode
                  | rN+ Dex+5}
  4256 | D:5      | Slain by an orc priest

Illustrated notes

Levels and vault maps discovered:
D:1:      saegor_arrival_simple_c, layout_rooms, minmay_pentomino_s2
D:2:      layout_loops_cross, shapermc_ecumenical_altar_flowoftime,
          serial_shops, nicolae_lakefront_shop, basic_altar,
          hangedman_decor_growths
D:3:      layout_basic, nicolae_ru_the_path_less_chosen, kennysheep_path_1,
          uniq_grinder, uniq_crazy_yiuf_cottage
D:4:      layout_loops_cross, minmay_temple_entry_nine_rooms
D:5:      layout_rooms, ebering_ghost_inner_flame
Temple:   nicolae_temple_bog_church

Skill      XL: |  1  2  3  4  5  6  7 |
---------------+----------------------+-----
Stealth        | 2 3 4 |  4.2
Dodging        | 3 4 5 |  5.1
Spellcasting   | 4 |  4.5
Conjurations   | 4 |  4.5
Hexes          | 4 |  4.5
Summonings     | 4 |  4.5
Necromancy     | 4 |  4.5
Translocations | 4 |  4.5
Fire Magic     | 4 |  4.5
Ice Magic      | 4 |  4.5
Air Magic      | 4 |  4.5
Earth Magic    | 4 |  4.5
Alchemy        | 4 |  4.5

Action                     |  1- 3 |  4- 6 |  7- 9 || total
---------------------------+-------+-------+-------++-------
  Melee: Dagger            |    20 |     8 |    25 ||    53
         Punch             |     1 |     1 |       ||     2
   Cast: Magic Dart        |    45 |       |     4 ||    49
         Foxfire           |    73 |   157 |    53 ||   283
         Call Imp          |       |     1 |     1 ||     2
         Ensorcelled Hiber |       |     5 |       ||     5
         Mephitic Cloud    |       |       |     2 ||     2
    Use: Potion            |       |     4 |     2 ||     6
         Scroll            |       |       |     6 ||     6
 Armour: Robe              |     2 |    12 |    32 ||    46
  Dodge: Dodged            |     2 |    15 |    33 ||    50

Table legend: (Time is in decaauts)
 A = Elapsed time spent in this place.
 B = Non-inter-level travel time spent in this place.
 C = Inter-level travel time spent in this place.
 D = Time resting spent in this place.
 E = Time spent auto-exploring this place.
 F = Levels seen in this place.
 G = Mean time per level.
                   A        B        C        D        E       F      G
               +--------+--------+--------+--------+--------+-----+--------+
         Total |   4235 |   4187 |     48 |    366 |   3078 |   6 |  705.8 |
       Dungeon |   4208 |   4173 |     35 |    366 |   3078 |   5 |  841.6 |
        Temple |     26 |     13 |     13 |      0 |      0 |   1 |   26.0 |
               +--------+--------+--------+--------+--------+-----+--------+

Top non-repeatable levels by time:
     D:4: 1630 daAuts
     D:2: 895 daAuts
     D:3: 895 daAuts
     D:1: 737 daAuts
     D:5: 49 daAuts
  Temple: 26 daAuts
